 Dungeon Sprint DCSS version 0.30-a0-297-g0ec75d9ef4 (webtiles) character file.

Game seed: 17147888255451460700

704 Low2 the Cruncher (level 7, -6/121 HPs)
             Began as an Ogre Gladiator on Oct 19, 2022.
             Was an Initiate of Wu Jian.
             Mangled by a sixfirhy (7 damage)
             ... summoned by a kobold demonologist
             ... in the Dungeon (Sprint I: "Red Sonja").
             The game lasted 00:04:57 (640 turns).

Low2 the Cruncher (Ogre Gladiator)                   Turns: 640, Time: 00:04:59

Health: -6/121     AC:  3    Str: 21    XL:     7   Next: 67%
Magic:  7/7        EV: 12    Int:  9    God:    Wu Jian [......]
Gold:   220        SH:  0    Dex: 10    Spells: 6/6 levels left

rFire   . . .      SeeInvis .    a - +0 quarterstaff
rCold   . . .      Faith    .    (shield currently unavailable)
rNeg    . . .      Spirit   .    b - +0 robe
rPois   .          Reflect  .    c - +0 hat
rElec   .          Harm     .    (no cloak)
rCorr   .          Rampage  .    (gloves unavailable)
Will    .....      NoTele   +    (boots unavailable)
Stlth   ..........               (no amulet)
HPRegen 0.40/turn                (no ring)
MPRegen 0.10/turn                (no ring)

@: berserking, very quick
A: large, unfitting armour, tough skin 1
a: Renounce Religion


You were in the Dungeon.
You worshipped Wu Jian.
Wu Jian was noncommittal.
You visited 1 branch You collected 429 gold pieces.
You spent 209 gold pieces at shops.

Inventory:

Hand Weapons
 a - a +0 quarterstaff (weapon)
Armour
 b - a +0 robe (worn)
 c - a +0 hat (worn)
Wands
 l - a wand of paralysis (3)
Potions
 d - 2 potions of curing
 h - a potion of haste
 i - 2 potions of magic
 m - a potion of ambrosia


   Skills:
 + Level 8.4 Fighting
 + Level 10.9 Staves
 + Level 6.2 Throwing
 + Level 8.6 Dodging
 + Level 1.5 Stealth


You had 6 spell levels left.
You didn't know any spells.
Your spell library was empty.

Dungeon Overview and Level Annotations

Branches:
Dungeon (1/1)

Altars:
Cheibriados
Dithmenos
Elyvilon
Fedhas
Gozag
Hepliaklqana
Kikubaaqudgha
Makhleb
Nemelex Xobeh
Okawaru
Qazlal
Ru
Sif Muna
Trog
Uskayaw
Vehumet
Wu Jian
Xom
Yredelemnul
Zin
The Shining One
Jiyva
Lugonu

Shops:
D !


Innate Abilities, Weirdness & Mutations

You are too large for most types of armour.
You have tough skin. (AC +1)


Message History

The smoke demon hits you.
The smoke demon hits you but does no damage.
The smoke demon hits you. The sixfirhy barely misses you.
Blink to where?
Press: ? - help, Dir - move target
As you read the scroll of blinking, it crumbles to dust.
You feel better.
You closely miss the smoke demon. The sixfirhy closely misses you.
You hit the sixfirhy.
The sixfirhy is lightly wounded.
The sixfirhy hits you! The sixfirhy shocks you!
The sixfirhy hits you but does no damage.
The sixfirhy hits you.
* * * LOW HITPOINT WARNING * * *
The sixfirhy shocks you!
* * * LOW HITPOINT WARNING * * *
You feel much better.
You feel much better. The orange demon stings you from afar!
A red film seems to cover your vision as you go berserk!
You feel yourself moving faster!
You feel mighty!
The orange demon disappears in a puff of smoke!
The sixfirhy hits you but does no damage.
The sixfirhy closely misses you. The sixfirhy hits you.
The sixfirhy shocks you!
You bludgeon the sixfirhy!!
The sixfirhy is heavily wounded.
The sixfirhy hits you! The sixfirhy shocks you!
* * * LOW HITPOINT WARNING * * *
The sixfirhy hits you.
* * * LOW HITPOINT WARNING * * *
The sixfirhy shocks you!
* * * LOW HITPOINT WARNING * * *
You miss the sixfirhy.
The sixfirhy is heavily wounded.
The sixfirhy hits you.
* * * LOW HITPOINT WARNING * * *
The sixfirhy shocks you!
* * * LOW HITPOINT WARNING * * *
The sixfirhy hits you!
You die...

##########################
#<.#.)').#.)'..#__#4.55..#
#..'..#..'..#.3K..3KK#.(.#
#..#####'#####3#__#### .3+
#..####..#...#@#### ##
#..#__####..##.#
#..#_____##'#_.+
#⌠⌠#_.∩...†..._#
####_..__##_.#'#
#_____###+#.# ####### ###


You could see a kobold demonologist, a sixfirhy (summoned) and a smoke demon
(summoned).

Vanquished Creatures
  A slime creature (D)
  Sigmund (D)
  A yak (D)
  A floating eye (D)
  An ogre (D)
  A jelly (D)
  Ijyb (D)
7 creatures vanquished.

Notes
Turn   | Place    | Note
-------+----------+-------------------------------------------
     0 | D        | Low2 the Ogre Gladiator began the quest for the Orb.
     0 | D        | Reached XP level 1. HP: 22/22 MP: 1/1
     2 | D        | Noticed Ijyb
     2 | D        | Paralysed by Ijyb for 2 turns
     9 | D        | Paralysed by Ijyb for 4 turns
    15 | D        | Paralysed by Ijyb for 2 turns
    17 | D        | Killed Ijyb
    18 | D        | Reached skill level 4 in Staves
    18 | D        | Reached XP level 2. HP: 31/31 MP: 2/2
    18 | D        | Reached XP level 3. HP: 37/37 MP: 3/3
    20 | D        | Noticed an ogre
    30 | D        | Killed an ogre
    31 | D        | Reached skill level 6 in Staves
    31 | D        | Reached skill level 5 in Dodging
    31 | D        | Reached XP level 4. HP: 27/49 MP: 4/4
   109 | D        | Noticed Sigmund
   126 | D        | Killed Sigmund
   127 | D        | Reached skill level 8 in Staves
   127 | D        | Reached XP level 5. HP: 35/59 MP: 5/5
   127 | D        | Reached XP level 6. HP: 40/67 MP: 6/6
   229 | D        | Found an ornate altar of the Wu Jian Council.
   229 | D        | Found a shimmering blue altar of Sif Muna.
   232 | D        | Found a radiant altar of Vehumet.
   278 | D        | Found a burning altar of Makhleb.
   278 | D        | Found a viscous altar of Jiyva.
   278 | D        | Found a shimmering altar of Xom.
   278 | D        | Found a corrupted altar of Lugonu.
   278 | D        | Noticed a slime creature
   291 | D        | Killed a slime creature
   292 | D        | Reached skill level 9 in Staves
   292 | D        | Reached skill level 5 in Throwing
   292 | D        | Reached skill level 1 in Stealth
   292 | D        | Reached XP level 7. HP: 25/78 MP: 7/7
   305 | D        | Became a worshipper of the Wu Jian Council
   486 | D        | Found Nuasiet's Distillery.
   486 | D        | Found an ancient bone altar of Kikubaaqudgha.
   486 | D        | Found a hazy altar of Hepliaklqana.
   486 | D        | Found a stormy altar of Qazlal.
   486 | D        | Found a hide-covered altar of Uskayaw.
   486 | D        | Found a blossoming altar of Fedhas.
   486 | D        | Found a bloodstained altar of Trog.
   486 | D        | Found an iron altar of Okawaru.
   486 | D        | Found a basalt altar of Yredelemnul.
   486 | D        | Found a glowing golden altar of the Shining One.
   486 | D        | Found a snail-covered altar of Cheibriados.
   486 | D        | Found a sacrificial altar of Ru.
   486 | D        | Found a glowing silver altar of Zin.
   486 | D        | Found a shadowy altar of Dithmenos.
   486 | D        | Found a white marble altar of Elyvilon.
   486 | D        | Noticed a yak
   495 | D        | Killed a yak
   496 | D        | Reached skill level 10 in Staves
   496 | D        | Found an opulent altar of Gozag.
   497 | D        | Found a sparkling altar of Nemelex Xobeh.
   600 | D        | Bought a potion of curing for 33 gold pieces
   600 | D        | Bought a potion of heal wounds for 55 gold pieces
   600 | D        | Bought a potion of heal wounds for 55 gold pieces
   600 | D        | Bought a potion of curing for 33 gold pieces
   600 | D        | Bought a potion of curing for 33 gold pieces
   620 | D        | Noticed a kobold demonologist
   620 | D        | Noticed a kobold demonologist
   622 | D        | Noticed an orange demon
   624 | D        | Noticed a sixfirhy
   628 | D        | Noticed a smoke demon
   640 | D        | HP: 1/121 [sixfirhy[a kobold demonologist] (12)]
   640 | D        | Mangled by a sixfirhy

Illustrated notes

Levels and vault maps discovered:
D:        dungeon_sprint_1 [red_sonja_temple_1, red_sonja_temple_small_1]

Skill      XL: |  1  2  3  4  5  6  7 |
---------------+----------------------+-----
Fighting       | 3 4 6 7 8 |  8.4
Staves         | 4 6 8 9 10 | 10.9
Dodging        | 4 5 7 8 |  8.6
Throwing       | 3 4 5 6 |  6.2
Stealth        | 1 |  1.5

Action                   |  1- 3 |  4- 6 |  7- 9 || total
-------------------------+-------+-------+-------++-------
Melee: Quarterstaff      |    14 |    20 |    18 ||    52
Throw: Throwing net      |     2 |     1 |       ||     3
       Large rock        |       |     2 |     1 ||     3
  Use: Potion            |       |     3 |     4 ||     7
       Scroll            |       |       |     2 ||     2
 Stab: Held in net/web   |       |     1 |       ||     1
Armor: Robe              |       |     2 |     4 ||     6
Dodge: Dodged            |     2 |     2 |     8 ||    12

Table legend: (Time is in decaauts)
 A = Elapsed time spent in this place.
 B = Non-inter-level travel time spent in this place.
 C = Inter-level travel time spent in this place.
 D = Time resting spent in this place.
 E = Time spent auto-exploring this place.
 F = Levels seen in this place.
 G = Mean time per level.
                   A        B        C        D        E       F      G
               +--------+--------+--------+--------+--------+-----+--------+
         Total |    637 |    637 |      0 |    397 |      0 |   1 |  637.0 |
       Dungeon |    637 |    637 |      0 |    397 |      0 |   1 |  637.0 |
               +--------+--------+--------+--------+--------+-----+--------+

Top non-repeatable levels by time:
       D: 637 daAuts
